 Dungeon Crawl Stone Soup version 0.29.0-4-gdea44cf6ec (webtiles) character file.

Game seed: 12769658440059598329

69916 qw the Severer (level 13, -1/100 (118) HPs)
             Began as a Minotaur Fighter on Sept 4, 2022.
             Was the Champion of Ru.
             Slain by a skeletal warrior
             ... wielding a +0 flail
              (8 damage)
             ... on level 14 of the Dungeon.
             The game lasted 00:08:47 (25921 turns).

qw the Severer (Minotaur Fighter)                  Turns: 25921, Time: 00:08:48

HP:   -1/100 (118)  AC: 26    Str: 27    XL:     13   Next: 92%
MP:   12/12         EV:  7    Int:  5    God:    Ru [******]
Gold: 595           SH: 19    Dex: 11    Spells: 12/12 levels left

rFire   . . .      SeeInvis .   m - +2 war axe (freeze)
rCold   . . .      Faith    .   c - +0 tower shield
rNeg    . . .      Spirit   .   k - +1 plate armour
rPois   +          Reflect  .   (helmet restricted)
rElec   .          Harm     .   h - +0 cloak
rCorr   +          Rampage  inf (no gloves)
Will    .....                   u - +3 pair of seven-league boots {Rampage+∞}
Stlth   ..........              n - amulet of the acrobat
HPRegen 0.26/turn               f - ring "Rulaf" {rPois rCorr Str+2}
MPRegen 0.13/turn               q - +4 ring of protection

@: heavily drained
A: horns 2, hated by all, weak-willed 1, unskilled 1, inexperienced 1, missing
an eye, retaliatory headbutt
a: Renounce Religion, Draw Out Power, Power Leap, Apocalypse


You were on level 14 of the Dungeon.
You worshipped Ru.
Ru was exalted by your worship.
You visited 3 branches of the dungeon, and saw 20 of its levels.

You collected 1353 gold pieces.
You spent 758 gold pieces at shops.


Innate Abilities, Weirdness & Mutations

You have a pair of horns on your head.
You are hated by all.
You are slightly weak-willed. (Will-)
You are somewhat unskilled. (-1 Apt)
You are somewhat inexperienced. (-1 XL)
You are missing an eye, making it more difficult to aim.
You reflexively headbutt those who attack you in melee.


   Skills:
 - Level 12.0 Fighting
 - Level 17.0 Axes
 - Level 5.2 Throwing
 - Level 11.0 Armour
 + Level 4.1 Dodging
 - Level 16.8 Shields


You had 12 spell levels left.
You didn't know any spells.
Your spell library was empty.

Inventory:

Hand Weapons
 b - a +0 morningstar
 m - a +2 war axe of freezing (weapon)
Missiles
 i - 10 boomerangs
 p - 7 javelins (quivered)
Armour
 c - a +0 tower shield (worn)
 e - a +1 chain mail of fire resistance
 h - a +0 cloak (worn)
 k - a +1 plate armour (worn)
 u - the +3 pair of seven-league boots (worn) {Rampage+∞}
   (You found it on level 4 of the Lair of Beasts)

   Its wearer moves as far as possible in that direction when moving towards
   enemies.
Jewellery
 f - the ring "Rulaf" (left hand) {rPois rCorr Str+2}
   (You took it off a spriggan on level 5 of the Lair of Beasts)

   [ring of poison resistance]

   Str:       It affects your strength (+2).
   rPois:     It protects you from poison.
   rCorr:     It protects you from acid and corrosion.
 n - an amulet of the acrobat (around neck)
 q - a +4 ring of protection (right hand)
 Y - a +4 ring of evasion
Scrolls
 a - 16 scrolls of identify
Potions
 d - 5 potions of might
 j - 3 potions of resistance
 l - 3 potions of haste
 o - 5 potions of mutation
 r - 6 potions of curing
 s - a potion of flight {unknown}

Dungeon Overview and Level Annotations

Branches:
Dungeon (14/15)            Temple (1/1) D:7            Lair (5/5) D:8
  Swamp (0/4) Lair:2        Snake (0/4) Lair:3        Slime (0/5) Lair:4
    Orc (0/2) D:12         Vaults (0/5) D:13

Altars:
Ashenzari
Cheibriados
Dithmenos
Gozag
Kikubaaqudgha
Nemelex Xobeh
Okawaru
Qazlal
Ru
Sif Muna
Trog
Uskayaw
Vehumet
Xom
Zin
The Shining One
Lugonu

Shops:
D:7 *   D:11 *   D:12 !

Portals:
Abyss: Lair:5

Annotations:
D:14 3 runed translucent doors, Ficoysum's ghost, journeyman GnWn


Message History

Your headbutt misses the red ugly thing.
The red ugly thing is severely wounded.
You barely miss the cyan ugly thing. You miss the skeletal warrior.
You block the red ugly thing's attack. You block the cyan ugly thing's attack.
The skeletal warrior is stunned by your conviction and fails to attack.
You hit the red ugly thing. You freeze the red ugly thing.
Your headbutt misses the red ugly thing.
The red ugly thing is severely wounded.
You closely miss the skeletal warrior. You miss the cyan ugly thing.
The red ugly thing kicks you but does no damage.
The cyan ugly thing tail-slaps you! The cyan ugly thing shocks you!
You block the skeletal warrior's attack.
You barely miss the red ugly thing.
Your headbutt misses the red ugly thing.
The red ugly thing is severely wounded.
You slash the cyan ugly thing! You freeze the cyan ugly thing.
You slash the skeletal warrior! You freeze the skeletal warrior.
The red ugly thing kicks you but does no damage.
The cyan ugly thing basks in the mutagenic energy from its kin and changes!
You slash the red ugly thing! You freeze the red ugly thing.
You kill the red ugly thing!
You slash the red ugly thing! You freeze the red ugly thing.
You hit the skeletal warrior but do no damage.
You block the skeletal warrior's attack.
You slash the red ugly thing! You freeze the red ugly thing.
Your headbutt misses the red ugly thing.
The red ugly thing is almost dead.
You barely miss the skeletal warrior.
You block the skeletal warrior's attack.
You hit the red ugly thing. You freeze the red ugly thing.
Your headbutt misses the red ugly thing.
The red ugly thing is almost dead.
You miss the skeletal warrior. The red ugly thing engulfs you.
You are engulfed in flames!!
You block the skeletal warrior's attack.
25921 ||| DRINKING potion of heal wounds.
You feel much better. The red ugly thing engulfs you.
You are engulfed in flames!
The skeletal warrior hits you with a +0 flail!
You die...

....# #.......# .u( ....#
#..^....# .z. ....#
#.......# .u :...#
#.......#####.# ...)#
###......((..uu.#
....######.........#######
....'......#.......#
....########...u%z.# ....#
#####@### ## ##### ##.#
##. ##..# #.. #..## #.#
#####%###### #######'#
#..........# #........
#.....^....# #........
#..........# #........
#.)........#####........


You could see a red ugly thing and a skeletal warrior.

Vanquished Creatures
  An ironbound preserver (D:13)
  5 boulder beetles
  5 two-headed ogres
  5 centaur warriors
  10 hydras
  2 catoblepae
  3 death yaks
  Urug (Lair:4)
  A tengu warrior (D:13)
  2 thrashing horrors (Lair:5)
  3 skeletal warriors (D:13)
  Lodul (D:12)
  A deep elf pyromancer (D:12)
  14 ugly things
  An oklob plant (Lair:4)
  4 elephants (Lair:4)
  2 manticores (D:12)
  4 cyclopes
  A black mamba (shapeshifter) (Lair:5)
  A moth of wrath (shapeshifter) (Lair:5)
  A guardian serpent (Lair:4)
  8 black mambas
  4 kobold demonologists
  6 komodo dragons
  7 cane toads
  A rime drake (Lair:2)
  An ancient zyme (Lair:5)
  A yaktaur (shapeshifter) (D:14)
  2 meliai (D:13)
  3 trolls
  A hornet (Lair:3)
  A polar bear (Lair:4)
  12 blink frogs (Lair:5)
  Prince Ribbit (D:7)
  6 slime creatures (D:12)
  4 dream sheep (Lair:5)
  A large abomination (Lair:5)
  5 wraiths
  A spriggan (Lair:5)
  A shadow (D:11)
  55 yaks
  3 wyverns
  9 small abominations (Lair:5)
  A ynoxinul (Lair:5)
  3 chaos spawn (Lair:5)
  Eustachio (D:4)
  A steam dragon (D:9)
  4 vampire mosquitoes
  8 basilisks
  A naga (Lair:3)
  2 swamp worms (Lair:2)
  13 water moccasins
  4 acid dragons
  2 ice beasts
  5 orc warriors
  3 black bears
  11 wolves
  8 ogres
  12 centaurs
  A kobold brigand (D:9)
  16 bullfrogs
  A gnoll sergeant (D:13)
  3 necrophages
  5 scorpions
  10 killer bees
  5 howler monkeys
  4 gnoll boudas
  6 jellies
  4 hounds
  5 orc priests
  2 iguanas
  8 orc wizards
  10 gnolls
  10 adders
  A shadow imp (D:4)
  4 white imps
  An ufetubus (D:6)
  7 worms
  2 dart slugs
  22 orcs
  10 endoplasms
  2 giant cockroaches (D:1)
  15 hobgoblins
  12 jackals
  5 quokkas
  5 ball pythons
  2 bats
  3 frilled lizards
  6 goblins
  15 kobolds
  8 rats
  A rat zombie (D:6)
  5 bushes (Lair:4)
496 creatures vanquished.

Vanquished Creatures (others)
  A boulder beetle (D:14)
  2 thrashing horrors (Lair:5)
  A skeletal warrior (D:13)
  A meliai (D:13)
  A meliai (shapeshifter) (Lair:5)
  A wyvern (D:10)
  A large abomination (Lair:5)
  A wolf (Lair:1)
  39 fungi
  49 plants
97 creatures vanquished.

Grand Total: 593 creatures vanquished

Notes
Turn   | Place    | Note
-------+----------+-------------------------------------------
     0 | D:1      | qw the Minotaur Fighter began the quest for the Orb.
     0 | D:1      | Reached XP level 1. HP: 19/19 MP: 0/0
     0 | D:1      | 0 ||| qw: Version: 0.1-a-103-gd6f5d3a
     0 | D:1      | 0 ||| qw: Game counter: 5598
     0 | D:1      | 0 ||| qw: Always use a shield: true
     0 | D:1      | 0 ||| qw: God list: Ru
     0 | D:1      | 0 ||| qw: Allow faded altars: false
     0 | D:1      | 0 ||| qw: Do Orc after D:15 true
     0 | D:1      | 0 ||| qw: Do second Lair branch before Depths: true
     0 | D:1      | 0 ||| qw: Lair rune preference: random
     0 | D:1      | 0 ||| qw: Plans: Normal
     0 | D:1      | 0 ||| PLANNING D:1-11
    64 | D:1      | Reached skill level 3 in Axes
   191 | D:1      | Reached XP level 2. HP: 26/26 MP: 1/1
   616 | D:1      | Reached skill level 4 in Axes
   709 | D:1      | 709 ||| READING 3 scrolls labelled BUM NIW XAHOICKY.
   710 | D:1      | 710 ||| READING 2 scrolls labelled HUUMONK LOPPI.
   715 | D:1      | 715 ||| READING 2 scrolls of identify.
   715 | D:1      | 715 ||| IDENTIFYING blue potion
   716 | D:1      | 716 ||| DROPPING potion of invisibility.
   833 | D:2      | 833 ||| Stepping ~*~*~tactically~*~*~ (stealth).
   834 | D:2      | 834 ||| Stepping ~*~*~tactically~*~*~ (stealth).
   886 | D:2      | 886 ||| Stepping ~*~*~tactically~*~*~ (stealth).
   887 | D:2      | 887 ||| Stepping ~*~*~tactically~*~*~ (stealth).
   896 | D:2      | 896 ||| Stepping ~*~*~tactically~*~*~ (stealth).
   897 | D:2      | 897 ||| Stepping ~*~*~tactically~*~*~ (stealth).
   987 | D:2      | Reached XP level 3. HP: 31/31 MP: 2/2
  1442 | D:2      | Reached skill level 5 in Axes
  1530 | D:2      | Reached skill level 1 in Throwing
  1530 | D:2      | Reached XP level 4. HP: 39/39 MP: 3/3
  1908 | D:2      | 1908 ||| UPGRADING to +0 pair of boots.
  1913 | D:2      | 1913 ||| UPGRADING to ring of resist corrosion.
  1914 | D:2      | 1914 ||| READING 3 scrolls labelled YSME QEIKACIU.
  1915 | D:2      | 1915 ||| READING 3 scrolls labelled YGGONLATY.
  1916 | D:2      | 1916 ||| READING scroll labelled ZEDIYXT QUPU.
  1917 | D:2      | 1917 ||| READING 2 scrolls of identify.
  1917 | D:2      | 1917 ||| IDENTIFYING grey potion
  1918 | D:2      | 1918 ||| DROPPING potion of brilliance.
  1919 | D:2      | 1919 ||| DROPPING 2 scrolls of poison.
  1920 | D:2      | 1920 ||| DROPPING 2 scrolls of magic mapping.
  1921 | D:2      | 1921 ||| READING 3 scrolls of teleportation.
  1969 | D:3      | 1969 ||| STAIRDANCE
  1977 | D:3      | Reached skill level 1 in Dodging
  1988 | D:3      | 1988 ||| Stepping ~*~*~tactically~*~*~ (stealth).
  1989 | D:3      | 1989 ||| Stepping ~*~*~tactically~*~*~ (stealth).
  2031 | D:3      | 2031 ||| Stepping ~*~*~tactically~*~*~ (hiding).
  2052 | D:3      | Found a faded altar of an unknown god.
  2077 | D:3      | 2077 ||| Stepping ~*~*~tactically~*~*~ (stealth).
  2172 | D:3      | 2172 ||| Stepping ~*~*~tactically~*~*~ (stealth).
  2176 | D:3      | 2176 ||| Stepping ~*~*~tactically~*~*~ (stealth).
  2263 | D:3      | 2263 ||| DROPPING +0 mace.
  2270 | D:3      | 2270 ||| Stepping ~*~*~tactically~*~*~ (stealth).
  2282 | D:3      | Reached skill level 6 in Axes
  2282 | D:3      | Reached XP level 5. HP: 41/45 MP: 4/4
  2314 | D:3      | 2314 ||| READING scroll of enchant armour.
  2314 | D:3      | 2314 ||| ENCHANTING +0 pair of boots.
  2673 | D:3      | 2673 ||| DROPPING +1 leather armour of cold resistance.
  2674 | D:3      | 2674 ||| READING scroll labelled DEIXTADUL.
  2775 | D:3      | 2775 ||| DRINKING 4 smoky silvery potions.
  2776 | D:3      | 2776 ||| READING 2 scrolls of identify.
  2776 | D:3      | 2776 ||| IDENTIFYING fizzy silvery potion
  2777 | D:3      | 2777 ||| DROPPING potion of lignification.
  2821 | D:4      | 2821 ||| Stepping ~*~*~tactically~*~*~ (hiding).
  2822 | D:4      | 2822 ||| Stepping ~*~*~tactically~*~*~ (hiding).
  2829 | D:4      | 2829 ||| Stepping ~*~*~tactically~*~*~ (stealth).
  2894 | D:4      | Noticed Eustachio
  2906 | D:4      | 2906 ||| Stepping ~*~*~tactically~*~*~ (hiding).
  2908 | D:4      | 2908 ||| Stepping ~*~*~tactically~*~*~ (hiding).
  2911 | D:4      | 2911 ||| FLEEEEING.
  2912 | D:4      | 2912 ||| FLEEEEING.
  2913 | D:4      | 2913 ||| FLEEEEING.
  2914 | D:4      | 2914 ||| FLEEEEING.
  2915 | D:4      | 2915 ||| FLEEEEING.
  2916 | D:4      | 2916 ||| FLEEEEING.
  2917 | D:4      | 2917 ||| FLEEEEING.
  2918 | D:4      | 2918 ||| FLEEEEING.
  2919 | D:4      | 2919 ||| FLEEEEING.
  2926 | D:4      | Killed Eustachio
  2927 | D:4      | Reached skill level 7 in Axes
  2927 | D:4      | Reached XP level 6. HP: 45/51 MP: 5/5
  3142 | D:4      | Found a glowing golden altar of the Shining One.
  3144 | D:4      | Found a shadowy altar of Dithmenos.
  3372 | D:4      | Found a broken altar of Ashenzari.
  3372 | D:4      | Found a basalt altar of Yredelemnul.
  3589 | D:4      | Reached skill level 8 in Axes
  3632 | D:4      | 3632 ||| READING scroll of enchant armour.
  3632 | D:4      | 3632 ||| ENCHANTING +1 pair of boots.
  3704 | D:4      | 3704 ||| UPGRADING to +0 chain mail.
  3714 | D:4      | 3714 ||| DROPPING +0 scale mail.
  3715 | D:4      | 3715 ||| UPGRADING to +0 plate armour.
  3725 | D:4      | 3725 ||| DROPPING +0 chain mail.
  3726 | D:4      | 3726 ||| READING scroll labelled CUEBIZ YMAURPH.
  3727 | D:4      | 3727 ||| DRINKING 3 golden potions.
  3728 | D:4      | 3728 ||| READING 2 scrolls of identify.
  3728 | D:4      | 3728 ||| IDENTIFYING green potion
  3729 | D:4      | 3729 ||| DROPPING potion of degeneration.
  3751 | D:5      | Entered Level 5 of the Dungeon
  3786 | D:5      | 3786 ||| Stepping ~*~*~tactically~*~*~ (hiding).
  3798 | D:5      | Reached XP level 7. HP: 47/59 MP: 6/6
  3905 | D:5      | 3905 ||| Stepping ~*~*~tactically~*~*~ (stealth).
  3919 | D:5      | Reached skill level 9 in Axes
  3966 | D:5      | 3966 ||| Stepping ~*~*~tactically~*~*~ (stealth).
  4005 | D:5      | 4005 ||| Stepping ~*~*~tactically~*~*~ (stealth).
  4015 | D:5      | 4015 ||| Stepping ~*~*~tactically~*~*~ (stealth).
  4066 | D:5      | 4066 ||| Stepping ~*~*~tactically~*~*~ (stealth).
  4067 | D:5      | 4067 ||| Stepping ~*~*~tactically~*~*~ (stealth).
  4755 | D:5      | 4755 ||| UPGRADING to +4 ring of protection.
  4756 | D:5      | 4756 ||| READING scroll labelled KAJOGE MUIRGH.
  4757 | D:5      | 4757 ||| READING 2 scrolls labelled SEG IZOASHRIGEC.
  4758 | D:5      | 4758 ||| READING scroll labelled LITRU HAUSIT.
  4759 | D:5      | 4759 ||| DROPPING scroll of blinking.
  4788 | D:6      | Reached XP level 8. HP: 68/68 MP: 7/7
  4866 | D:6      | Reached skill level 10 in Axes
  4932 | D:6      | 4932 ||| Stepping ~*~*~tactically~*~*~ (hiding).
  4942 | D:6      | 4942 ||| Stepping ~*~*~tactically~*~*~ (stealth).
  4970 | D:6      | 4970 ||| FLEEEEING.
  4971 | D:6      | 4971 ||| FLEEEEING.
  4972 | D:6      | 4972 ||| FLEEEEING.
  4973 | D:6      | 4973 ||| FLEEEEING.
  4975 | D:6      | 4975 ||| FLEEEEING.
  4976 | D:6      | 4976 ||| FLEEEEING.
  4977 | D:6      | 4977 ||| FLEEEEING.
  4978 | D:6      | 4978 ||| FLEEEEING.
  4979 | D:6      | 4979 ||| FLEEEEING.
  4985 | D:6      | 4985 ||| DRINKING 2 potions of curing.
  4985 | D:6      | 4985 ||| (to cure confusion)
  4986 | D:6      | HP: 13/70 [ice beast (11)]
  4987 | D:6      | 4987 ||| READING 5 scrolls of teleportation.
  4988 | D:6      | 4988 ||| DRINKING 4 potions of heal wounds.
  5206 | D:6      | Reached skill level 6 in Fighting
  5208 | D:6      | Found an ancient bone altar of Kikubaaqudgha.
  5417 | D:6      | 5417 ||| Stepping ~*~*~tactically~*~*~ (stealth).
  5418 | D:6      | 5418 ||| Stepping ~*~*~tactically~*~*~ (stealth).
  5422 | D:6      | 5422 ||| Stepping ~*~*~tactically~*~*~ (stealth).
  5428 | D:6      | 5428 ||| Stepping ~*~*~tactically~*~*~ (stealth).
  5431 | D:6      | Reached skill level 11 in Axes
  5529 | D:6      | 5529 ||| Stepping ~*~*~tactically~*~*~ (hiding).
  5573 | D:6      | 5573 ||| DRINKING potion of curing.
  5573 | D:6      | 5573 ||| (to cure confusion)
  5843 | D:6      | 5843 ||| UPGRADING to +0 kite shield.
  5853 | D:6      | 5853 ||| DROPPING +0 buckler.
  5854 | D:6      | 5854 ||| DROPPING ring of ice.
  5855 | D:6      | 5855 ||| UPGRADING to +4 ring of evasion.
  5857 | D:6      | 5857 ||| DROPPING ring of resist corrosion.
  5858 | D:6      | 5858 ||| READING 3 scrolls labelled OLIAPUOHED.
  6016 | D:6      | 6016 ||| DRINKING 2 bubbling purple potions.
  6117 | D:6      | 6117 ||| DROPPING 2 scrolls of torment.
  6118 | D:6      | 6118 ||| DROPPING potion of ambrosia.
  6292 | D:7      | Reached XP level 9. HP: 75/75 MP: 8/8
  6346 | D:7      | Found Zaijakhlowa's Mass Market.
  6351 | D:7      | 6351 ||| BUYING +0 tower shield (54 gold).
  6351 | D:7      | Bought a +0 tower shield for 54 gold pieces
  6358 | D:7      | Found a staircase to the Ecumenical Temple.
  6359 | D:7      | 6359 ||| PLANNING TEMPLE
  6359 | D:7      | 6359 ||| UPGRADING to +0 tower shield.
  6369 | D:7      | 6369 ||| DROPPING +0 kite shield.
  6370 | D:7      | 6370 ||| READING 3 scrolls labelled QUTTEONAING.
  6371 | D:7      | 6371 ||| DROPPING 2 scrolls of immolation.
  6380 | Temple   | Entered the Ecumenical Temple
  6428 | Temple   | Became a worshipper of Ru the Awakened
  6434 | Temple   | 6434 ||| PLANNING D:1-11
  6494 | D:7      | Found a bloodstained altar of Trog.
  6573 | D:7      | Found a radiant altar of Vehumet.
  6584 | D:7      | Reached skill level 6 in Shields
  6603 | D:7      | 6603 ||| Stepping ~*~*~tactically~*~*~ (stealth).
  6604 | D:7      | 6604 ||| Stepping ~*~*~tactically~*~*~ (stealth).
  6605 | D:7      | 6605 ||| Stepping ~*~*~tactically~*~*~ (stealth).
  6877 | D:7      | Noticed Prince Ribbit
  6887 | D:7      | Killed Prince Ribbit
  7164 | D:7      | 7164 ||| Stepping ~*~*~tactically~*~*~ (hiding).
  7165 | D:7      | 7165 ||| Stepping ~*~*~tactically~*~*~ (hiding).
  7223 | D:7      | 7223 ||| READING scroll labelled YSATTO BAQYXT.
  7224 | D:7      | 7224 ||| READING 6 scrolls of identify.
  7224 | D:7      | 7224 ||| IDENTIFYING sapphire potion
  7260 | D:8      | 7260 ||| Stepping ~*~*~tactically~*~*~ (hiding).
  7274 | D:8      | 7274 ||| Stepping ~*~*~tactically~*~*~ (hiding).
  7290 | D:8      | HP: 15/75 [poisoned by an orc wizard]
  7291 | D:8      | 7291 ||| READING 4 scrolls of teleportation.
  7291 | D:8      | HP: 1/75 [orc priest/divine providence (7)]
  7292 | D:8      | 7292 ||| DRINKING 3 potions of heal wounds.
  7294 | D:8      | 7294 ||| DRINKING 3 potions of curing.
  7294 | D:8      | 7294 ||| (to cure poison)
  7395 | D:8      | 7395 ||| Invisible monster not found???
  7539 | D:8      | Reached skill level 9 in Shields
  7650 | D:8      | 7650 ||| FLEEEEING.
  7651 | D:8      | 7651 ||| FLEEEEING.
  7652 | D:8      | 7652 ||| FLEEEEING.
  7653 | D:8      | 7653 ||| FLEEEEING.
  7654 | D:8      | 7654 ||| FLEEEEING.
  7655 | D:8      | 7655 ||| FLEEEEING.
  7656 | D:8      | 7656 ||| FLEEEEING.
  7657 | D:8      | 7657 ||| FLEEEEING.
  7658 | D:8      | 7658 ||| FLEEEEING.
  7659 | D:8      | 7659 ||| FLEEEEING.
  7660 | D:8      | 7660 ||| FLEEEEING.
  7750 | D:8      | 7750 ||| DRINKING 2 potions of curing.
  7750 | D:8      | 7750 ||| (to cure confusion)
  7957 | D:8      | 7957 ||| INVOKING Sacrifice Love.
  7957 | D:8      | Gained mutation: You are hated by all. [Ru sacrifice]
  7957 | D:8      | Reached * piety under Ru
  7957 | D:8      | Reached ** piety under Ru
  7958 | D:8      | 7958 ||| Stepping ~*~*~tactically~*~*~ (stealth).
  8006 | D:8      | Found a snail-covered altar of Cheibriados.
  8006 | D:8      | Found Cheibriados's Comfort Zone.
  8033 | D:8      | Found a staircase to the Lair.
  8250 | D:8      | 8250 ||| READING scroll labelled FAIKHY MAOPOF.
  8251 | D:8      | 8251 ||| READING 6 scrolls of identify.
  8251 | D:8      | 8251 ||| IDENTIFYING bubbling inky potion
  8252 | D:8      | 8252 ||| DROPPING potion of berserk rage.
  8298 | D:9      | Noticed a kobold demonologist
  8307 | D:9      | Noticed a rust devil
  8311 | D:9      | Noticed an ice devil
  8317 | D:9      | 8317 ||| READING 3 scrolls of teleportation.
  8317 | D:9      | HP: 16/75 [ice devil[a kobold demonologist] (6)]
  8317 | D:9      | HP: 7/75 [ice devil[a kobold demonologist] (9)]
  8318 | D:9      | 8318 ||| DRINKING 2 potions of heal wounds.
  8319 | D:9      | 8319 ||| DRINKING potion of heal wounds.
  8320 | D:9      | Killed a kobold demonologist
  8321 | D:9      | Reached XP level 10. HP: 46/83 MP: 9/9
  8423 | D:9      | 8423 ||| Invisible monster not found???
  8629 | D:9      | 8629 ||| Stepping ~*~*~tactically~*~*~ (stealth).
  8630 | D:9      | 8630 ||| Stepping ~*~*~tactically~*~*~ (stealth).
  8644 | D:9      | Reached skill level 12 in Shields
  8652 | D:9      | Reached skill level 12 in Axes
  8824 | D:9      | 8824 ||| DRINKING potion of curing.
  8824 | D:9      | 8824 ||| (to cure confusion)
  8872 | D:9      | 8872 ||| FLEEEEING.
  8876 | D:9      | 8876 ||| STAIRDANCE
  9086 | D:9      | 9086 ||| FLEEEEING.
  9087 | D:9      | 9087 ||| FLEEEEING.
  9088 | D:9      | 9088 ||| FLEEEEING.
  9089 | D:9      | 9089 ||| FLEEEEING.
  9090 | D:9      | 9090 ||| FLEEEEING.
  9091 | D:9      | 9091 ||| FLEEEEING.
  9092 | D:9      | 9092 ||| FLEEEEING.
  9093 | D:9      | 9093 ||| FLEEEEING.
  9094 | D:9      | 9094 ||| FLEEEEING.
  9095 | D:9      | 9095 ||| FLEEEEING.
  9096 | D:9      | 9096 ||| FLEEEEING.
  9097 | D:9      | 9097 ||| FLEEEEING.
  9098 | D:9      | 9098 ||| FLEEEEING.
  9099 | D:9      | 9099 ||| FLEEEEING.
  9108 | D:9      | 9108 ||| Stepping ~*~*~tactically~*~*~ (hiding).
  9244 | D:9      | 9244 ||| SWAPPING to +1 war axe of electrocution.
  9245 | D:9      | 9245 ||| DROPPING +1 war axe.
  9281 | D:9      | Reached skill level 6 in Armour
  9767 | D:10     | Entered Level 10 of the Dungeon
  9860 | D:10     | Reached skill level 13 in Axes
  9916 | D:10     | 9916 ||| Stepping ~*~*~tactically~*~*~ (stealth).
  9918 | D:10     | 9918 ||| Stepping ~*~*~tactically~*~*~ (hiding).
 10057 | D:10     | 10057 ||| Stepping ~*~*~tactically~*~*~ (stealth).
 10316 | D:10     | Noticed a two-headed ogre
 10326 | D:10     | Killed a two-headed ogre
 10327 | D:10     | Reached skill level 3 in Throwing
 10327 | D:10     | Reached XP level 11. HP: 56/92 MP: 10/10
 10479 | D:10     | 10479 ||| Stepping ~*~*~tactically~*~*~ (stealth).
 10482 | D:10     | 10482 ||| Stepping ~*~*~tactically~*~*~ (hiding).
 10571 | D:10     | Noticed a two-headed ogre
 10582 | D:10     | Killed a two-headed ogre
 10811 | D:10     | 10811 ||| UPGRADING to amulet of the acrobat.
 10816 | D:10     | 10816 ||| READING 8 scrolls of identify.
 10816 | D:10     | 10816 ||| IDENTIFYING fuming red potion
 10830 | D:11     | 10830 ||| READING scroll of enchant weapon.
 10830 | D:11     | 10830 ||| ENCHANTING +1 war axe of electrocution.
 10843 | D:11     | 10843 ||| Stepping ~*~*~tactically~*~*~ (hiding).
 10959 | D:11     | 10959 ||| INVOKING Sacrifice Essence.
 10959 | D:11     | Gained mutation: You are slightly weak-willed. (Will-) [Ru
                  | sacrifice]
 10959 | D:11     | Reached *** piety under Ru
 10966 | D:11     | Noticed a boulder beetle
 10979 | D:11     | HP: 21/95 [boulder beetle (20)]
 10980 | D:11     | 10980 ||| READING 2 scrolls of teleportation.
 10981 | D:11     | 10981 ||| INVOKING Draw Out Power.
 10988 | D:11     | Noticed a sun demon
 11264 | D:11     | Found Giyr's General Store.
 11274 | D:11     | 11274 ||| DROPPING ring of magical power.
 11277 | D:11     | 11277 ||| Stepping ~*~*~tactically~*~*~ (stealth).
 11291 | D:11     | Reached skill level 14 in Axes
 11337 | D:11     | 11337 ||| Stepping ~*~*~tactically~*~*~ (hiding).
 11338 | D:11     | 11338 ||| Stepping ~*~*~tactically~*~*~ (stealth).
 11339 | D:11     | 11339 ||| Stepping ~*~*~tactically~*~*~ (stealth).
 11378 | D:11     | Noticed a boulder beetle
 11389 | D:11     | Killed a boulder beetle
 11652 | D:11     | Killed a boulder beetle
 12260 | D:11     | 12260 ||| PLANNING LAIR
 12260 | D:11     | 12260 ||| READING 8 scrolls of identify.
 12260 | D:11     | 12260 ||| IDENTIFYING glowing yellow potion
 12379 | Lair:1   | Entered Level 1 of the Lair of Beasts
 12379 | Lair:1   | Noticed a six-headed hydra
 12384 | Lair:1   | 12384 ||| SWAPPING to +0 flail.
 12392 | Lair:1   | HP: 19/95 [six-headed hydra (12)]
 12393 | Lair:1   | 12393 ||| READING scroll of teleportation.
 12394 | Lair:1   | 12394 ||| INVOKING Draw Out Power.
 12397 | Lair:1   | 12397 ||| SWAPPING to +2 war axe of electrocution.
 12399 | Lair:1   | 12399 ||| SWAPPING to +0 flail.
 12404 | Lair:1   | Killed a six-headed hydra
 12405 | Lair:1   | 12405 ||| SWAPPING to +2 war axe of electrocution.
 12672 | Lair:1   | 12672 ||| READING scroll of enchant armour.
 12672 | Lair:1   | 12672 ||| ENCHANTING +0 plate armour.
 12805 | Lair:1   | 12805 ||| Stepping ~*~*~tactically~*~*~ (stealth).
 12807 | Lair:1   | 12807 ||| Stepping ~*~*~tactically~*~*~ (stealth).
 12874 | Lair:1   | Reached skill level 15 in Axes
 12971 | Lair:1   | Reached skill level 3 in Dodging
 13114 | Lair:1   | Noticed a catoblepas
 13117 | Lair:1   | 13117 ||| Stepping ~*~*~tactically~*~*~ (cloud).
 13125 | Lair:1   | 13125 ||| Stepping ~*~*~tactically~*~*~ (cloud).
 13127 | Lair:1   | 13127 ||| Stepping ~*~*~tactically~*~*~ (cloud).
 13128 | Lair:1   | Killed a catoblepas
 13129 | Lair:1   | Reached skill level 9 in Fighting
 13129 | Lair:1   | Reached XP level 12. HP: 96/104 MP: 11/11
 13401 | Lair:1   | Noticed an eight-headed hydra
 13403 | Lair:1   | 13403 ||| SWAPPING to +0 flail.
 13407 | Lair:1   | 13407 ||| Stepping ~*~*~tactically~*~*~ (outnumbered).
 13408 | Lair:1   | 13408 ||| Stepping ~*~*~tactically~*~*~ (outnumbered).
 13409 | Lair:1   | 13409 ||| Stepping ~*~*~tactically~*~*~ (outnumbered).
 13410 | Lair:1   | 13410 ||| Stepping ~*~*~tactically~*~*~ (outnumbered).
 13411 | Lair:1   | 13411 ||| Stepping ~*~*~tactically~*~*~ (outnumbered).
 13412 | Lair:1   | 13412 ||| Stepping ~*~*~tactically~*~*~ (outnumbered).
 13413 | Lair:1   | 13413 ||| Stepping ~*~*~tactically~*~*~ (outnumbered).
 13418 | Lair:1   | Killed an eight-headed hydra
 13419 | Lair:1   | 13419 ||| SWAPPING to +2 war axe of electrocution.
 13690 | Lair:1   | 13690 ||| READING 8 scrolls of identify.
 13690 | Lair:1   | 13690 ||| IDENTIFYING glowing purple potion
 13691 | Lair:1   | 13691 ||| DROPPING potion of magic.
 13736 | Lair:2   | Noticed a six-headed hydra
 13740 | Lair:2   | 13740 ||| SWAPPING to +0 flail.
 13747 | Lair:2   | Killed a six-headed hydra
 13748 | Lair:2   | 13748 ||| STAIRDANCE
 13750 | Lair:1   | 13750 ||| SWAPPING to +2 war axe of electrocution.
 13812 | Lair:1   | 13812 ||| INVOKING Sacrifice Experience.
 13812 | Lair:1   | Gained mutation: You are somewhat inexperienced. (-1 XL)
                  | [Ru sacrifice]
 13812 | Lair:1   | Reached XP level 11. HP: 97/97 MP: 10/10
 13812 | Lair:1   | Reached **** piety under Ru
 13812 | Lair:1   | Reached ***** piety under Ru
 13840 | Lair:2   | Noticed a six-headed hydra
 13841 | Lair:2   | 13841 ||| INVOKING Apocalypse.
 13842 | Lair:2   | 13842 ||| FLEEEEING.
 13843 | Lair:2   | 13843 ||| FLEEEEING.
 13864 | Lair:2   | 13864 ||| FLEEEEING.
 13865 | Lair:2   | 13865 ||| FLEEEEING.
 13866 | Lair:2   | 13866 ||| FLEEEEING.
 13869 | Lair:2   | 13869 ||| STAIRDANCE
 13908 | Lair:1   | 13908 ||| READING 7 scrolls of identify.
 13908 | Lair:1   | 13908 ||| IDENTIFYING pink potion
 13911 | Lair:2   | 13911 ||| STAIRDANCE
 13935 | Lair:2   | 13935 ||| INVOKING Apocalypse.
 13936 | Lair:2   | 13936 ||| STAIRDANCE
 14003 | Lair:2   | 14003 ||| SWAPPING to +0 flail.
 14004 | Lair:2   | Noticed a death yak
 14005 | Lair:2   | 14005 ||| STAIRDANCE
 14012 | Lair:1   | Killed a six-headed hydra
 14013 | Lair:1   | 14013 ||| SWAPPING to +2 war axe of electrocution.
 14187 | Lair:2   | 14187 ||| STAIRDANCE
 14256 | Lair:2   | 14256 ||| STAIRDANCE
 14259 | Lair:1   | Killed a death yak
 14260 | Lair:1   | Reached skill level 16 in Axes
 14286 | Lair:2   | 14286 ||| STAIRDANCE
 14580 | Lair:2   | Noticed a death yak
 14581 | Lair:2   | 14581 ||| INVOKING Apocalypse.
 14583 | Lair:2   | Noticed a death yak
 14593 | Lair:2   | Killed a death yak
 14596 | Lair:2   | Killed a death yak
 14718 | Lair:2   | Noticed a six-headed hydra
 14719 | Lair:2   | 14719 ||| INVOKING Apocalypse.
 14720 | Lair:2   | 14720 ||| FLEEEEING.
 14721 | Lair:2   | 14721 ||| FLEEEEING.
 14722 | Lair:2   | 14722 ||| FLEEEEING.
 14723 | Lair:2   | 14723 ||| FLEEEEING.
 14724 | Lair:2   | 14724 ||| FLEEEEING.
 14725 | Lair:2   | 14725 ||| FLEEEEING.
 14726 | Lair:2   | 14726 ||| FLEEEEING.
 14728 | Lair:2   | 14728 ||| SWAPPING to +0 flail.
 14735 | Lair:2   | Killed a six-headed hydra
 14736 | Lair:2   | 14736 ||| SWAPPING to +2 war axe of electrocution.
 15075 | Lair:2   | Found a staircase to the Swamp.
 15578 | Lair:2   | 15578 ||| READING scroll labelled HEONLUCAPOI.
 15593 | Lair:3   | Noticed a four-headed hydra
 15594 | Lair:3   | 15594 ||| INVOKING Apocalypse.
 15595 | Lair:3   | 15595 ||| FLEEEEING.
 15596 | Lair:3   | 15596 ||| STAIRDANCE
 15664 | Lair:3   | 15664 ||| STAIRDANCE
 15671 | Lair:3   | 15671 ||| SWAPPING to +0 flail.
 15677 | Lair:3   | Killed a four-headed hydra
 15678 | Lair:3   | 15678 ||| STAIRDANCE
 15680 | Lair:2   | 15680 ||| SWAPPING to +2 war axe of electrocution.
 15820 | Lair:3   | 15820 ||| Stepping ~*~*~tactically~*~*~ (stealth).
 15875 | Lair:3   | 15875 ||| Stepping ~*~*~tactically~*~*~ (stealth).
 15890 | Lair:3   | Reached skill level 17 in Axes
 15979 | Lair:3   | 15979 ||| Stepping ~*~*~tactically~*~*~ (stealth).
 16434 | Lair:3   | Found a staircase to the Snake Pit.
 16441 | Lair:3   | 16441 ||| Stepping ~*~*~tactically~*~*~ (hiding).
 16550 | Lair:3   | 16550 ||| DROPPING +0 flail.
 16559 | Lair:3   | 16559 ||| Stepping ~*~*~tactically~*~*~ (stealth).
 16610 | Lair:3   | 16610 ||| Stepping ~*~*~tactically~*~*~ (stealth).
 16613 | Lair:3   | 16613 ||| Stepping ~*~*~tactically~*~*~ (stealth).
 16626 | Lair:3   | Reached skill level 15 in Shields
 16647 | Lair:3   | 16647 ||| INVOKING Sacrifice Skill.
 16647 | Lair:3   | Gained mutation: You are somewhat unskilled. (-1 Apt) [Ru
                  | sacrifice]
 16647 | Lair:3   | Reduced skill Fighting to level 9
 16647 | Lair:3   | Reduced skill Axes to level 15
 16647 | Lair:3   | Reduced skill Throwing to level 3
 16880 | Lair:4   | Noticed Urug
 16881 | Lair:4   | 16881 ||| INVOKING Apocalypse.
 16882 | Lair:4   | 16882 ||| STAIRDANCE
 16951 | Lair:4   | 16951 ||| FLEEEEING.
 16959 | Lair:4   | Killed Urug
 16960 | Lair:4   | Reached skill level 3 in Dodging
 16960 | Lair:4   | 16960 ||| STAIRDANCE
 17034 | Lair:4   | Reached XP level 12. HP: 85/101 MP: 11/11
 17054 | Lair:4   | 17054 ||| FLEEEEING.
 17176 | Lair:4   | Reached skill level 16 in Axes
 17208 | Lair:4   | 17208 ||| Stepping ~*~*~tactically~*~*~ (stealth).
 17209 | Lair:4   | 17209 ||| Stepping ~*~*~tactically~*~*~ (stealth).
 17210 | Lair:4   | 17210 ||| Stepping ~*~*~tactically~*~*~ (stealth).
 17346 | Lair:4   | 17346 ||| INVOKING Apocalypse.
 17371 | Lair:4   | 17371 ||| FLEEEEING.
 17372 | Lair:4   | 17372 ||| FLEEEEING.
 17373 | Lair:4   | 17373 ||| FLEEEEING.
 17374 | Lair:4   | 17374 ||| FLEEEEING.
 17375 | Lair:4   | 17375 ||| FLEEEEING.
 17376 | Lair:4   | 17376 ||| STAIRDANCE
 17676 | Lair:4   | 17676 ||| Stepping ~*~*~tactically~*~*~ (stealth).
 17677 | Lair:4   | 17677 ||| Stepping ~*~*~tactically~*~*~ (stealth).
 17682 | Lair:4   | Found a staircase to the Slime Pits.
 17761 | Lair:4   | 17761 ||| Stepping ~*~*~tactically~*~*~ (water).
 17823 | Lair:4   | 17823 ||| Stepping ~*~*~tactically~*~*~ (stealth).
 18012 | Lair:4   | Found the +3 pair of seven-league boots {Rampage+∞}
 18167 | Lair:4   | 18167 ||| Stepping ~*~*~tactically~*~*~ (stealth).
 18171 | Lair:4   | 18171 ||| INVOKING Apocalypse.
 18288 | Lair:4   | 18288 ||| UPGRADING to +3 pair of seven-league boots
                  | {Rampage+∞}.
 18298 | Lair:4   | 18298 ||| DROPPING +2 pair of boots.
 18299 | Lair:4   | 18299 ||| READING scroll labelled RANGAA KEAK.
 18303 | Lair:5   | Entered Level 5 of the Lair of Beasts
 18309 | Lair:5   | 18309 ||| DRINKING 3 potions of cancellation.
 18311 | Lair:5   | 18311 ||| DRINKING 2 potions of cancellation.
 18860 | Lair:5   | 18860 ||| INVOKING Apocalypse.
 18997 | Lair:5   | Reached skill level 17 in Axes
 19025 | Lair:5   | 19025 ||| DRINKING potion of cancellation.
 19045 | Lair:5   | 19045 ||| Stepping ~*~*~tactically~*~*~ (stealth).
 19047 | Lair:5   | 19047 ||| Stepping ~*~*~tactically~*~*~ (stealth).
 19064 | Lair:5   | 19064 ||| INVOKING Apocalypse.
 19068 | Lair:5   | 19068 ||| FLEEEEING.
 19069 | Lair:5   | 19069 ||| FLEEEEING.
 19070 | Lair:5   | 19070 ||| FLEEEEING.
 19071 | Lair:5   | 19071 ||| FLEEEEING.
 19072 | Lair:5   | 19072 ||| FLEEEEING.
 19073 | Lair:5   | 19073 ||| FLEEEEING.
 19074 | Lair:5   | 19074 ||| FLEEEEING.
 19075 | Lair:5   | 19075 ||| FLEEEEING.
 19076 | Lair:5   | 19076 ||| FLEEEEING.
 19077 | Lair:5   | 19077 ||| FLEEEEING.
 19078 | Lair:5   | 19078 ||| FLEEEEING.
 19079 | Lair:5   | 19079 ||| FLEEEEING.
 19089 | Lair:5   | 19089 ||| Stepping ~*~*~tactically~*~*~ (cloud).
 19272 | Lair:5   | 19272 ||| Stepping ~*~*~tactically~*~*~ (hiding).
 19281 | Lair:5   | Reached skill level 15 in Shields
 19293 | Lair:5   | 19293 ||| Stepping ~*~*~tactically~*~*~ (hiding).
 19405 | Lair:5   | 19405 ||| INVOKING Apocalypse.
 19408 | Lair:5   | 19408 ||| FLEEEEING.
 19436 | Lair:5   | 19436 ||| Stepping ~*~*~tactically~*~*~ (stealth).
 19443 | Lair:5   | Reached skill level 9 in Armour
 19455 | Lair:5   | Identified the ring "Rulaf" {rPois rCorr Str+2}
 19553 | Lair:5   | 19553 ||| FLEEEEING.
 19554 | Lair:5   | 19554 ||| FLEEEEING.
 19555 | Lair:5   | 19555 ||| FLEEEEING.
 19556 | Lair:5   | 19556 ||| FLEEEEING.
 19557 | Lair:5   | 19557 ||| FLEEEEING.
 19558 | Lair:5   | 19558 ||| FLEEEEING.
 19562 | Lair:5   | 19562 ||| FLEEEEING.
 19564 | Lair:5   | 19564 ||| FLEEEEING.
 19566 | Lair:5   | 19566 ||| FLEEEEING.
 19567 | Lair:5   | 19567 ||| FLEEEEING.
 19568 | Lair:5   | 19568 ||| FLEEEEING.
 19569 | Lair:5   | 19569 ||| FLEEEEING.
 19570 | Lair:5   | 19570 ||| FLEEEEING.
 19571 | Lair:5   | 19571 ||| FLEEEEING.
 19572 | Lair:5   | 19572 ||| FLEEEEING.
 19573 | Lair:5   | 19573 ||| FLEEEEING.
 19574 | Lair:5   | 19574 ||| FLEEEEING.
 19575 | Lair:5   | 19575 ||| FLEEEEING.
 19576 | Lair:5   | 19576 ||| FLEEEEING.
 19577 | Lair:5   | 19577 ||| FLEEEEING.
 19578 | Lair:5   | 19578 ||| FLEEEEING.
 19579 | Lair:5   | 19579 ||| STAIRDANCE
 19700 | Lair:5   | 19700 ||| Stepping ~*~*~tactically~*~*~ (stealth).
 19701 | Lair:5   | 19701 ||| Stepping ~*~*~tactically~*~*~ (stealth).
 19764 | Lair:5   | 19764 ||| INVOKING Apocalypse.
 19765 | Lair:5   | 19765 ||| FLEEEEING.
 19766 | Lair:5   | 19766 ||| FLEEEEING.
 19767 | Lair:5   | 19767 ||| FLEEEEING.
 19768 | Lair:5   | 19768 ||| FLEEEEING.
 19769 | Lair:5   | 19769 ||| STAIRDANCE
 19830 | Lair:4   | 19830 ||| INVOKING Sacrifice an Eye.
 19830 | Lair:4   | Gained mutation: You are missing an eye, making it more
                  | difficult to aim. [Ru sacrifice]
 19830 | Lair:4   | Reached ****** piety under Ru
 19856 | Lair:5   | 19856 ||| SWAPPING to +0 morningstar.
 19867 | Lair:5   | 19867 ||| SWAPPING to +2 war axe of freezing.
 20321 | Lair:5   | 20321 ||| Stepping ~*~*~tactically~*~*~ (stealth).
 20322 | Lair:5   | 20322 ||| Stepping ~*~*~tactically~*~*~ (stealth).
 20411 | Lair:5   | 20411 ||| FLEEEEING.
 20412 | Lair:5   | 20412 ||| FLEEEEING.
 20413 | Lair:5   | 20413 ||| FLEEEEING.
 20414 | Lair:5   | 20414 ||| FLEEEEING.
 20415 | Lair:5   | 20415 ||| FLEEEEING.
 20417 | Lair:5   | 20417 ||| FLEEEEING.
 20464 | Lair:5   | Reached XP level 13. HP: 106/106 MP: 12/12
 20615 | Lair:5   | Found a corrupted altar of Lugonu.
 20615 | Lair:5   | Found a one-way gate to the infinite horrors of the Abyss.
 20808 | Lair:5   | 20808 ||| PLANNING D
 20808 | Lair:5   | 20808 ||| UPGRADING to ring "Rulaf" {rPois rCorr Str+2}.
 21018 | D:12     | 21018 ||| Stepping ~*~*~tactically~*~*~ (hiding).
 21239 | D:12     | 21239 ||| Stepping ~*~*~tactically~*~*~ (stealth).
 21277 | D:12     | 21277 ||| Stepping ~*~*~tactically~*~*~ (stealth).
 21279 | D:12     | Noticed Lodul
 21280 | D:12     | 21280 ||| Stepping ~*~*~tactically~*~*~ (stealth).
 21284 | D:12     | 21284 ||| INVOKING Apocalypse.
 21287 | D:12     | Killed Lodul
 21300 | D:12     | 21300 ||| FLEEEEING.
 21743 | D:12     | Found a staircase to the Orcish Mines.
 21744 | D:12     | 21744 ||| Stepping ~*~*~tactically~*~*~ (stealth).
 21746 | D:12     | 21746 ||| Stepping ~*~*~tactically~*~*~ (hiding).
 21748 | D:12     | 21748 ||| Stepping ~*~*~tactically~*~*~ (hiding).
 21947 | D:12     | 21947 ||| INVOKING Apocalypse.
 22020 | D:12     | Found Itsilimmebb's Distillery.
 22033 | D:12     | 22033 ||| BUYING 2 potions of mutation (256 gold).
 22033 | D:12     | Bought 2 potions of mutation for 256 gold pieces
 22033 | D:12     | 22033 ||| BUYING potion of curing (48 gold).
 22033 | D:12     | Bought a potion of curing for 48 gold pieces
 22033 | D:12     | 22033 ||| BUYING potion of haste (160 gold).
 22033 | D:12     | Bought a potion of haste for 160 gold pieces
 22033 | D:12     | 22033 ||| BUYING potion of haste (160 gold).
 22033 | D:12     | Bought a potion of haste for 160 gold pieces
 22033 | D:12     | 22033 ||| BUYING potion of heal wounds (80 gold).
 22033 | D:12     | Bought a potion of heal wounds for 80 gold pieces
 22401 | D:12     | 22401 ||| UPGRADING to +0 cloak.
 22483 | D:13     | 22483 ||| Stepping ~*~*~tactically~*~*~ (stealth).
 22486 | D:13     | 22486 ||| STAIRDANCE
 22544 | D:13     | 22544 ||| STAIRDANCE
 22562 | D:13     | 22562 ||| STAIRDANCE
 22680 | D:13     | Noticed an ironbound preserver
 22706 | D:13     | Killed an ironbound preserver
 22901 | D:13     | Found a gate to the Vaults.
 23064 | D:13     | 23064 ||| INVOKING Apocalypse.
 23077 | D:13     | 23077 ||| FLEEEEING.
 23078 | D:13     | 23078 ||| FLEEEEING.
 23079 | D:13     | 23079 ||| FLEEEEING.
 23080 | D:13     | 23080 ||| FLEEEEING.
 23081 | D:13     | 23081 ||| FLEEEEING.
 23082 | D:13     | 23082 ||| FLEEEEING.
 23083 | D:13     | 23083 ||| FLEEEEING.
 23084 | D:13     | 23084 ||| FLEEEEING.
 23086 | D:13     | 23086 ||| FLEEEEING.
 23088 | D:13     | 23088 ||| FLEEEEING.
 23089 | D:13     | 23089 ||| FLEEEEING.
 23090 | D:13     | 23090 ||| FLEEEEING.
 23091 | D:13     | 23091 ||| FLEEEEING.
 23092 | D:13     | 23092 ||| FLEEEEING.
 23093 | D:13     | 23093 ||| FLEEEEING.
 23094 | D:13     | 23094 ||| FLEEEEING.
 23095 | D:13     | 23095 ||| FLEEEEING.
 23096 | D:13     | 23096 ||| FLEEEEING.
 23098 | D:13     | 23098 ||| FLEEEEING.
 23099 | D:13     | 23099 ||| FLEEEEING.
 23100 | D:13     | 23100 ||| FLEEEEING.
 23101 | D:13     | 23101 ||| FLEEEEING.
 23102 | D:13     | 23102 ||| FLEEEEING.
 23103 | D:13     | 23103 ||| FLEEEEING.
 23104 | D:13     | 23104 ||| FLEEEEING.
 23105 | D:13     | 23105 ||| FLEEEEING.
 23106 | D:13     | 23106 ||| FLEEEEING.
 23107 | D:13     | 23107 ||| FLEEEEING.
 23108 | D:13     | 23108 ||| FLEEEEING.
 23109 | D:13     | 23109 ||| FLEEEEING.
 23110 | D:13     | 23110 ||| FLEEEEING.
 23111 | D:13     | 23111 ||| FLEEEEING.
 23112 | D:13     | 23112 ||| FLEEEEING.
 23452 | D:13     | HP: 24/105 [skeletal warrior/+0 glaive (6)]
 23453 | D:13     | 23453 ||| READING 2 scrolls of teleportation.
 23454 | D:13     | 23454 ||| DRINKING 4 potions of heal wounds.
 23455 | D:13     | HP: 9/105 [skeletal warrior/+0 scimitar (13)]
 23456 | D:13     | 23456 ||| DRINKING 3 potions of heal wounds.
 23457 | D:13     | 23457 ||| DRINKING 2 potions of heal wounds.
 23858 | D:13     | Reached skill level 12 in Fighting
 23867 | D:13     | HP: 27/108 [skeletal warrior/+0 antimagic hand axe (6)]
 23868 | D:13     | 23868 ||| READING scroll of teleportation.
 23869 | D:13     | 23869 ||| DRINKING potion of heal wounds.
 24159 | D:13     | 24159 ||| Stepping ~*~*~tactically~*~*~ (stealth).
 24200 | D:13     | 24200 ||| Stepping ~*~*~tactically~*~*~ (stealth).
 24201 | D:13     | 24201 ||| Stepping ~*~*~tactically~*~*~ (stealth).
 24202 | D:13     | 24202 ||| Stepping ~*~*~tactically~*~*~ (stealth).
 24214 | D:13     | 24214 ||| INVOKING Apocalypse.
 24651 | D:14     | 24651 ||| SWAPPING to +0 morningstar.
 24654 | D:14     | 24654 ||| STAIRDANCE
 24662 | D:13     | 24662 ||| SWAPPING to +2 war axe of freezing.
 24834 | D:14     | 24834 ||| Stepping ~*~*~tactically~*~*~ (stealth).
 24867 | D:14     | 24867 ||| INVOKING Apocalypse.
 24912 | D:14     | 24912 ||| Stepping ~*~*~tactically~*~*~ (stealth).
 25514 | D:14     | 25514 ||| SWAPPING to +0 morningstar.
 25523 | D:14     | 25523 ||| SWAPPING to +2 war axe of freezing.
 25633 | D:14     | Found a runed translucent gate.
 25635 | D:14     | Found a runed translucent gate.
 25636 | D:14     | Found a runed translucent gate.
 25638 | D:14     | Noticed Ficoysum's ghost (journeyman GnWn)
 25644 | D:14     | 25644 ||| SWAPPING to +0 morningstar.
 25659 | D:14     | 25659 ||| INVOKING Apocalypse.
 25660 | D:14     | 25660 ||| SWAPPING to +2 war axe of freezing.
 25872 | D:14     | 25872 ||| Stepping ~*~*~tactically~*~*~ (stealth).
 25876 | D:14     | 25876 ||| Stepping ~*~*~tactically~*~*~ (stealth).
 25880 | D:14     | 25880 ||| FLEEEEING.
 25881 | D:14     | 25881 ||| FLEEEEING.
 25882 | D:14     | 25882 ||| FLEEEEING.
 25883 | D:14     | 25883 ||| FLEEEEING.
 25920 | D:14     | HP: 23/100 [red ugly thing (4)]
 25920 | D:14     | HP: 2/100 [red ugly thing (21)]
 25921 | D:14     | 25921 ||| DRINKING potion of heal wounds.
 25921 | D:14     | Slain by a skeletal warrior

Levels and vault maps discovered:
D:1:      psy_arrival_dodecagon, layout_basic, minmay_heptomino_o4
D:2:      layout_loops_corners
D:3:      minmay_diamond_boxcup, layout_rooms, basic_ecumenical_altar
D:4:      layout_basic, mainiacjoe_overflow_paths,
          gammafunk_temple_overflow_pools, lemuel_crystal_altar, uniq_eustachio
D:5:      layout_cave_pools, corexii_corridor_pit
D:6:      layout_basic, lemuel_zombie_altar_kikubaaqudgha
D:7:      layout_gridville, mainiacjoe_overflow_alcove_4, trog_hazing_becter,
          minmay_temple_entry_offerings, abandoned_shop, minmay_shop_mass,
          uniq_prince_ribbit1
D:8:      layout_basic, grunt_lair_entry_orc_guard_hut, minmay_shop_chei
D:9:      layout_small_grid, minmay_curled_crystal
D:10:     layout_basic
D:11:     layout_cave_pods, serial_shops, shop_fountains,
          dreamdust_gnoll_shepherd
D:12:     layout_long_grid, orc_0_dummy, serial_shops,
          nicolae_shop_hallway_plus, fedhas_bush_and_centaur_altar, uniq_lodul
D:13:     layout_basic, skrybe_vaults_entry_preservation
D:14:     layout_roguey, ebering_ghost_rock_garden, serial_curves,
          eino_curves_04, eino_curves_02
Temple:   nicolae_temple_superstar
Lair:1:   layout_gridlike, serial_bayou_pond_a
Lair:2:   layout_layer_cave, minmay_swamp_entry_worms
Lair:3:   layout_regular_city, guppyfry_snake_entry_garden,
          eino_small_chamber_without_monster, chequers_serial_rivers_large_a,
          grunt_megastairs_4
Lair:4:   layout_roguey, nicolae_slime_entry_slimehenge, columned_hall_lemuel,
          minmay_lair_oklob_bushes, hellmonk_guarded_unrand_seven_league_boots,
          uniq_urug
Lair:5:   hellmonk_lair_end_abyssal_woods, layout_regular_city

Skill      XL: |  1  2  3  4  5  6  7  8  9 10 11 12 13 |
---------------+----------------------------------------+-----
Axes           | 3 4 5 6 7 8 9 11 13 15 17 | 17.0
Throwing       | 1 2 3 3 4 5 |  5.2
Dodging        | 1 2 3 4 |  4.1
Fighting       | 4 5 6 7 9 10 12 | 12.0
Armour         | 5 6 7 9 11 | 11.0
Shields        | 5 11 13 14 15 16 | 16.8

Action                   |  1- 3 |  4- 6 |  7- 9 | 10-12 | 13-15 || total
-------------------------+-------+-------+-------+-------+-------++-------
Melee: War axe           |    93 |   115 |   303 |   672 |   366 ||  1549
       Headbutt          |    13 |    13 |    45 |   155 |    66 ||   292
       Flail             |       |       |       |    45 |       ||    45
       Morningstar       |       |       |       |     8 |    28 ||    36
Throw: Javelin           |     6 |    28 |    70 |   150 |    30 ||   284
       Boomerang         |       |       |       |    18 |       ||    18
Invok: Sacrifice Love    |       |       |     1 |       |       ||     1
       Apocalypse        |       |       |       |    12 |     6 ||    18
       Draw Out Power    |       |       |       |     2 |       ||     2
       Sacrifice Essence |       |       |       |     1 |       ||     1
       Sacrifice Experie |       |       |       |     1 |       ||     1
       Sacrifice Skill   |       |       |       |     1 |       ||     1
       Sacrifice an Eye  |       |       |       |     1 |       ||     1
  Use: Scroll            |     3 |    11 |    12 |    10 |     2 ||    38
       Potion            |       |     2 |     9 |     4 |     5 ||    20
 Stab: Distracted        |       |       |       |     4 |     1 ||     5
       Petrifying        |       |       |       |     2 |       ||     2
       Petrified         |       |       |       |     1 |       ||     1
       Paralysed         |       |       |       |     1 |       ||     1
       Invisible         |       |       |       |       |     4 ||     4
Armor: Scale mail        |    34 |    38 |       |       |       ||    72
       Plate armour      |       |    15 |   163 |   274 |   172 ||   624
Dodge: Dodged            |    24 |    36 |    77 |   197 |    81 ||   415
Block: Buckler           |    18 |    21 |    21 |       |       ||    60
       Kite shield       |       |       |    10 |       |       ||    10
       Tower shield      |       |       |   130 |   570 |   306 ||  1006

Table legend:
 A = Non-vault XP
 B = Vault XP
 C = Vault XP percentage of total XP
 D = Non-vault monster count
 E = Vault monster count
 F = Vault count percentage of total count
                 A         B        C        D         E       F
            +---------+---------+-------+---------+---------+-------
      Total |   78090 |   21791 |  21.8 |     401 |      99 |  19.8
            +---------+---------+-------+---------+---------+-------
        D:1 |      22 |       7 |  24.1 |      13 |       4 |  23.5
        D:2 |      81 |       0 |   0.0 |      28 |       0 |   0.0
        D:3 |     106 |      11 |   9.4 |      14 |       6 |  30.0
        D:4 |     203 |     197 |  49.2 |      19 |       1 |   5.0
        D:5 |     719 |       0 |   0.0 |      26 |       0 |   0.0
        D:6 |    1235 |       1 |   0.1 |      26 |       1 |   3.7
        D:7 |     836 |     280 |  25.1 |      12 |       7 |  36.8
        D:8 |     916 |     555 |  37.7 |      21 |       5 |  19.2
        D:9 |    3669 |       0 |   0.0 |      32 |       0 |   0.0
       D:10 |    4353 |       0 |   0.0 |      16 |       0 |   0.0
       D:11 |    3699 |     635 |  14.7 |      14 |       4 |  22.2
       D:12 |    6961 |    1556 |  18.3 |      22 |       8 |  26.7
       D:13 |   11326 |    4362 |  27.8 |      26 |       9 |  25.7
       D:14 |    9797 |       0 |   0.0 |      17 |       0 |   0.0
     Lair:1 |    8135 |       0 |   0.0 |      27 |       0 |   0.0
     Lair:2 |    5097 |     320 |   5.9 |      13 |       2 |  13.3
     Lair:3 |    4399 |     163 |   3.6 |      18 |       1 |   5.3
     Lair:4 |    6166 |    3474 |  36.0 |      18 |      13 |  41.9
     Lair:5 |   10370 |   10230 |  49.7 |      39 |      38 |  49.4
            +---------+---------+-------+---------+---------+-------
